 Dungeon Crawl Stone Soup version 0.21.1-1-g345015f (webtiles) character file.

5098 nicolaieve the Cleaver (level 10, -7/82 HPs)
             Began as a Minotaur Berserker on June 14, 2018.
             Was a High Priest of Trog.
             Mangled by a three-headed hydra (11 damage)
             ... on level 1 of the Lair of Beasts.
             The game lasted 00:33:00 (6016 turns).

nicolaieve the Cleaver (Minotaur Berserker)         Turns: 6016, Time: 00:33:01

Health: -7/82      AC: 21    Str: 22    XL:     10   Next: 32%
Magic:  9/9        EV:  9    Int:  4    God:    Trog [*****.]
Gold:   405        SH:  0    Dex: 18    Spells: 9/9 levels left

rFire    . . .     SeeInvis .   I - +2 hand axe (flame)
rCold    . . .     Gourm    .   (no shield)
rNeg     . . .     Faith    .   v - +0 plate armour
rPois    .         Spirit   .   (helmet restricted)
rElec    .         Reflect  .   z - +0 cloak
rCorr    .         Harm     .   i - +0 pair of gloves
MR       ++...                  D - +1 pair of boots {Stlth+}
Stlth    ..........             (no amulet)
HPRegen  1.23/turn              J - +1 ring of protection
MPRegen  0.11/turn              M - +5 ring of dexterity

@: berserk cooldown, regenerating, slowed, very slow
A: retaliatory headbutt, horns 2
a: Berserk, Trog's Hand, Brothers in Arms, Burn Spellbooks, Renounce Religion


You were on level 1 of the Lair of Beasts.
You worshipped Trog.
Trog was extremely pleased with you.
You were not hungry.

You visited 2 branches of the dungeon, and saw 9 of its levels.

You collected 577 gold pieces.
You spent 172 gold pieces at shops.

Inventory:

Hand Weapons
 I - a +2 hand axe of flaming (weapon)
Armour
 b - a +0 animal skin
 g - a +0 ring mail
 i - a +0 pair of gloves (worn)
 v - a +0 plate armour (worn)
 z - a +0 cloak (worn)
 D - a +1 pair of boots of stealth (worn)
 E - a +3 leather armour
Jewellery
 q - an uncursed ring of protection from fire
 J - a +1 ring of protection (left hand)
 M - a +5 ring of dexterity (right hand)
Wands
 a - a wand of enslavement (11)
 p - a wand of acid (10)
 u - a wand of flame (27)
Scrolls
 d - 2 scrolls of blinking {unknown}
 e - a scroll of immolation {unknown}
 f - 4 scrolls of magic mapping {unknown}
 j - 7 scrolls of remove curse {unknown}
 l - 3 scrolls of fog {unknown}
 n - 5 scrolls of teleportation {unknown}
 o - 4 scrolls of amnesia {unknown}
 x - 2 scrolls of enchant armour {unknown}
 y - a scroll of enchant weapon {unknown}
 G - a scroll of random uselessness {unknown}
 L - a scroll of summoning {unknown}
Potions
 h - 2 potions of brilliance
 k - 3 potions of heal wounds
 m - a potion of mutation
 r - a potion of agility
 s - 2 potions of invisibility
 t - 2 potions of flight
 w - a potion of resistance
 A - a potion of berserk rage
 B - 2 potions of haste {unknown}
 C - 4 potions of lignification
 F - a potion of might {unknown}
 H - 3 potions of curing {unknown}
 K - a potion of magic {unknown}
Comestibles
 c - 13 rations


   Skills:
 + Level 5.6 Fighting
 + Level 14.0 Axes
 + Level 10.7 Armour
 + Level 3.0 Dodging


You had 9 spell levels left.
You didn't know any spells.

Dungeon Overview and Level Annotations

Branches:
Dungeon (8/15)             Temple (0/1) D:6            Lair (1/6) D:8

Altars:
Elyvilon
Fedhas
Hepliaklqana
Makhleb
Okawaru
Vehumet
Xom
Yredelemnul
Zin

Shops:
D:5 =*[(   D:6 *


Innate Abilities, Weirdness & Mutations

You reflexively headbutt those who attack you in melee.
You have a pair of horns on your head.


Message History

You hit the polar bear but do no damage.
You hit the black bear but do no damage.
The polar bear bites you but does no damage.
The polar bear claws you.
* * * LOW HITPOINT WARNING * * *
The polar bear barely misses you. The three-headed hydra bites you!
* * * LOW HITPOINT WARNING * * *
The three-headed hydra closely misses you.
The three-headed hydra bites you but does no damage.
The black bear bites you but does no damage.
The black bear closely misses you.
The black bear claws you but does no damage.
Unknown command.
Okay, then.
You eat one of the 14 rations.
That ration really hit the spot!
The polar bear bites you but does no damage.
The polar bear claws you but does no damage. x2
The three-headed hydra bites you but does no damage. x2
The three-headed hydra bites you!
You die...

.......... ....(.....
##......... ...........
#.......... #.?........
#.hh.....>. #.@........
#(D....... ##....###..
#....# #.. ##....#..>.
##### ##P.........
##P..######...........
##.....##..............
#...........##P####..#.


You could see a three-headed hydra, a polar bear and a black bear.

Vanquished Creatures
  2 komodo dragons
  Eustachio (D:5)
  Menkaure (D:5)
  3 porcupines (Lair:1)
  Duvessa (D:7)
  2 black bears (Lair:1)
  8 ice beasts (Lair:1)
  2 phantoms
  An orc warrior (D:6)
  2 centaurs
  2 ogres
  A big kobold (D:8)
  2 crocodiles (Lair:1)
  3 bullfrogs
  Dowan (D:7)
  3 scorpions
  5 killer bees
  4 wights (D:7)
  6 howler monkeys
  An electric eel (D:6)
  4 crimson imps
  A bullfrog zombie (D:6)
  A bullfrog skeleton (D:7)
  A jelly (D:6)
  4 hounds
  Crazy Yiuf (D:5)
  3 orc priests
  Ijyb (D:3)
  10 orc wizards
  Terence (D:2)
  6 worker ants
  3 adders (D:2)
  2 shadow imps
  2 oozes
  2 adder skeletons
  An adder zombie (D:6)
  A worm (D:3)
  3 dart slugs
  3 leopard geckos
  21 orcs
  11 giant cockroaches
  10 goblins
  2 hobgoblins
  13 jackals
  13 kobolds
  2 quokkas
  3 ball pythons
  9 bats
  3 frilled lizards
  A jackal skeleton (D:4)
  2 jackal zombies
  2 leopard gecko skeletons (D:4)
  6 rats
199 creatures vanquished.

Vanquished Creatures (others)
  5 plants (D:8)
5 creatures vanquished.

Grand Total: 204 creatures vanquished

Notes
Turn   | Place    | Note
-------+----------+-------------------------------------------
     0 | D:1      | nicolaieve the Minotaur Berserker began the quest for the Orb.
     0 | D:1      | Reached XP level 1. HP: 19/19 MP: 0/0
    95 | D:1      | Reached XP level 2. HP: 7/27 MP: 1/1
   164 | D:1      | Reached skill level 4 in Axes
   270 | D:1      | Reached ** piety under Trog
   460 | D:1      | Reached XP level 3. HP: 33/33 MP: 2/2
   760 | D:2      | Reached skill level 5 in Axes
   770 | D:2      | Noticed Terence
   784 | D:2      | Killed Terence
   784 | D:2      | Reached XP level 4. HP: 32/40 MP: 3/3
   910 | D:2      | Reached skill level 6 in Axes
  1346 | D:3      | Noticed a phantom
  1359 | D:3      | Reached *** piety under Trog
  1363 | D:3      | Reached XP level 5. HP: 45/46 MP: 4/4
  1382 | D:3      | Killed a phantom
  1382 | D:3      | Reached skill level 7 in Axes
  1452 | D:3      | Found a glowing silver altar of Zin.
  1452 | D:3      | Found a shimmering altar of Xom.
  1452 | D:3      | Noticed an angel
  1562 | D:3      | Noticed Ijyb
  1567 | D:3      | Reached XP level 6. HP: 52/52 MP: 5/5
  1570 | D:3      | Killed Ijyb
  1570 | D:3      | Reached skill level 8 in Axes
  2095 | D:4      | Reached skill level 9 in Axes
  2095 | D:4      | Reached XP level 7. HP: 59/59 MP: 6/6
  2465 | D:5      | Entered Level 5 of the Dungeon
  2467 | D:5      | Noticed Eustachio
  2476 | D:5      | Killed Eustachio
  2476 | D:5      | Reached **** piety under Trog
  2476 | D:5      | Reached skill level 10 in Axes
  2542 | D:5      | Found Lurghuax's General Store.
  2606 | D:5      | Found Idag's Jewellery Shoppe.
  2627 | D:5      | Noticed Menkaure
  2643 | D:5      | Killed Menkaure
  2711 | D:5      | Found an iron altar of Okawaru.
  2767 | D:5      | Found a runed door.
  2816 | D:5      | Found Reuph's Antique Weapon Shoppe.
  2836 | D:5      | Reached XP level 8. HP: 66/66 MP: 7/7
  2845 | D:5      | Reached skill level 5 in Armour
  2891 | D:5      | Found Bajybb's Antique Armour Emporium.
  2922 | D:5      | Bought a pair of embroidered boots for 172 gold pieces
  3146 | D:5      | Noticed Crazy Yiuf
  3151 | D:5      | Killed Crazy Yiuf
  3260 | D:6      | Found a staircase to the Ecumenical Temple.
  3311 | D:6      | Reached skill level 11 in Axes
  3677 | D:6      | Found a blossoming altar of Fedhas.
  3693 | D:6      | Found Bepasm's General Store.
  3798 | D:6      | Found a white marble altar of Elyvilon.
  3907 | D:6      | Found a basalt altar of Yredelemnul.
  3965 | D:6      | Found a radiant altar of Vehumet.
  3969 | D:6      | Found a hazy altar of Hepliaklqana.
  4233 | D:7      | Reached skill level 12 in Axes
  4354 | D:7      | Reached XP level 9. HP: 71/71 MP: 8/8
  4521 | D:7      | Noticed Duvessa
  4531 | D:7      | Killed Duvessa
  4534 | D:7      | Noticed Dowan
  4538 | D:7      | Killed Dowan
  4623 | D:7      | Reached ***** piety under Trog
  4922 | D:8      | Found a staircase to the Lair.
  5050 | D:8      | Noticed a komodo dragon
  5065 | D:8      | Killed a komodo dragon
  5065 | D:8      | Reached skill level 13 in Axes
  5229 | D:8      | Reached skill level 10 in Armour
  5288 | D:8      | Found a burning altar of Makhleb.
  5677 | Lair:1   | Entered Level 1 of the Lair of Beasts
  5779 | Lair:1   | Noticed a komodo dragon
  5790 | Lair:1   | Killed a komodo dragon
  5845 | Lair:1   | Reached XP level 10. HP: 44/80 MP: 9/9
  5867 | Lair:1   | Found a frozen archway.
  5877 | Lair:1   | Reached skill level 5 in Fighting
  5993 | Lair:1   | Reached skill level 14 in Axes
  6001 | Lair:1   | Noticed a seven-headed hydra
  6008 | Lair:1   | HP: 4/82 [five-headed hydra (9)]
  6015 | Lair:1   | HP: 2/82 [three-headed hydra (7)]
  6016 | Lair:1   | Mangled by a three-headed hydra

Skill      XL: |  1  2  3  4  5  6  7  8  9 10 |
---------------+-------------------------------+-----
Fighting       | 4 5 |  5.6
Axes           | 4 5 6 7 9 10 12 13 14 | 14.0
Armour         | 4 7 10 | 10.7
Dodging        | 3 |  3.0

Action                   |  1- 3 |  4- 6 |  7- 9 | 10-12 || total
-------------------------+-------+-------+-------+-------++-------
Melee: Hand axe          |    61 |   127 |   324 |    44 ||   556
       Headbutt          |    11 |    26 |    65 |     8 ||   110
Invok: Berserk           |       |     3 |     8 |     2 ||    13
       Burn Spellbooks   |       |       |     1 |     1 ||     2
       Trog's Hand       |       |       |     1 |     1 ||     2
  Use: Scroll            |       |       |     9 |       ||     9
       Potion            |       |       |       |     3 ||     3
  Eat: Chunk             |       |     6 |    20 |     1 ||    27
       Ration            |       |       |       |     1 ||     1
Armor: Animal skin       |     2 |       |       |       ||     2
       Ring mail         |    12 |    33 |       |       ||    45
       Plate armour      |       |    35 |   186 |    66 ||   287
Dodge: Dodged            |    55 |    49 |    96 |    32 ||   232
